 Dungeon Crawl Stone Soup version 0.27-a0-1217-g8a41f320e8 (webtiles) character file.

Game seed: 12687538065021535363

27 polve the Cutter (level 2, -3/24 HPs)
             Began as a Demonspawn Abyssal Knight on June 5, 2021.
             Was a Follower of Lugonu.
             Slain by a scorpion (8 damage)
             ... on level 2 of the Dungeon.
             The game lasted 00:00:58 (1651 turns).

polve the Cutter (Demonspawn Abyssal Knight)        Turns: 1651, Time: 00:00:59

Health: -3/24      AC:  9    Str: 12    XL:     2   Next: 93%
Magic:  0/3        EV:  5    Int: 13    God:    Lugonu [*.....]
Gold:   53         SH:  0    Dex: 12    Spells: 1/1 levels left

rFire    . . .     SeeInvis .   a - +1 short sword
rCold    . . .     Faith    .   (no shield)
rNeg     . . .     Spirit   +   i - +0 chain mail
rPois    .         Reflect  .   (helmet restricted)
rElec    .         Harm     .   h - +0 cloak
rCorr    .         Rampage  .   (no gloves)
Will     .....                  (no boots)
Stlth    ..........             e - amulet of guardian spirit
HPRegen  0.08/turn              (no ring)
MPRegen  0.08/turn              (no ring)

@: lethally poisoned (-3 -> -8)
A: antennae 1
a: Renounce Religion, Depart the Abyss


You were on level 2 of the Dungeon.
You worshipped Lugonu.
Lugonu was aware of your devotion.
You visited 1 branch of the dungeon, and saw 2 of its levels.
You visited the Abyss 1 time.

You collected 53 gold pieces.

Inventory:

Hand Weapons
 a - a +1 short sword (weapon)
Armour
 b - a +0 leather armour
 h - a +0 cloak (worn)
 i - a +0 chain mail (worn)
Jewellery
 e - an amulet of guardian spirit (around neck)
Scrolls
 c - a scroll of noise {unknown}
 d - a scroll of fear {unknown}
 f - 4 scrolls of teleportation {unknown}
 g - a scroll of blinking {unknown}
 k - a scroll of torment {unknown}
 l - a scroll of identify {unknown}
Potions
 j - a potion of brilliance {unknown}


   Skills:
 - Level 3.0 Fighting
 + Level 3.1 Short Blades
 - Level 1.7 Armour
 - Level 0.8 Dodging
 - Level 2.4 Invocations


You had one spell level left.
You didn't know any spells.
Your spell library was empty.

Dungeon Overview and Level Annotations

Branches:
Dungeon (2/15)

Altars:

Shops:
D:1 (


Innate Abilities, Weirdness & Mutations

You have a pair of small antennae on your head.


Message History

You are too injured to fight recklessly!
You are too injured to fight recklessly!
You are too injured to fight recklessly!
You are too injured to fight recklessly!
You barely miss the scorpion.
The scorpion is moderately wounded.
The scorpion barely misses you.
You hit the scorpion.
The scorpion is severely wounded.
The scorpion stings you but does no damage.
You hit the scorpion.
The scorpion is severely wounded.
The scorpion barely misses you.
You hit the scorpion but do no damage.
The scorpion is severely wounded.
The scorpion stings you.
You hit the scorpion but do no damage.
The scorpion is severely wounded.
The scorpion stings you but does no damage.
The scorpion stings you.
You are poisoned.
The scorpion poisons you!
Your chain mail prevents you from hitting the scorpion.
The scorpion is severely wounded.
You feel very sick. The scorpion stings you.
You hit the scorpion but do no damage.
The scorpion is severely wounded.
* * * LOW HITPOINT WARNING * * *
You feel sick.
The scorpion stings you but does no damage.
You barely miss the scorpion.
The scorpion is severely wounded.
* * * LOW HITPOINT WARNING * * *
You feel sick. The scorpion stings you.
You barely miss the scorpion.
The scorpion is severely wounded.
* * * LOW HITPOINT WARNING * * *
You feel sick. The scorpion stings you!
You die...

..####.#........########.######
..# #.'.................# ..#
###...(..##########.# ..
.....................# .
...####.............### ...
#.............# ..
+#.............# +
................#
.........s@......#
.................#
.................#
.....############# .... ..


You could see a scorpion.

Vanquished Creatures
  A dart slug (D:1)
  2 giant cockroaches (D:1)
  2 goblins (D:1)
  3 hobgoblins (D:1)
  7 jackals (D:1)
  A quokka (D:1)
  A ball python (D:1)
  A bat (D:1)
  A frilled lizard (D:1)
  A kobold (D:2)
  A rat (D:2)
21 creatures vanquished.

Notes
Turn   | Place    | Note
-------+----------+-------------------------------------------
     0 | Abyss:1  | polve the Demonspawn Abyssal Knight began the quest for the
                  | Orb.
     0 | Abyss:1  | Reached XP level 1. HP: 18/18 MP: 2/2
   100 | Abyss:1  | Noticed a bone dragon
   171 | Abyss:1  | Noticed a death knight
   173 | D:1      | Escaped the Abyss
   275 | D:1      | Found Yphuubo's Weapon Boutique.
   529 | D:1      | Gained mutation: You have a pair of small antennae on your
                  | head. [demonic ancestry]
   529 | D:1      | Reached XP level 2. HP: 14/24 MP: 3/3
   676 | D:1      | You fall into a shaft and drop 1 floor!
  1011 | D:1      | Reached * piety under Lugonu
  1636 | D:2      | Noticed a scorpion
  1651 | D:2      | Slain by a scorpion

Illustrated notes

Levels and vault maps discovered:
D:1:      dpeg_arrival_rooms_b, layout_loops_corners, serial_shops,
          nicolae_shop_crystal, kennysheep_doodads, minmay_misc_feat_encased
D:2:      layout_basic, serial_bayou_pond_d, minmay_split_cup_small

Skill      XL: |  1  2 |
---------------+-------+-----
Short Blades   | 2 3 |  3.1
Fighting       | |  3.0
Armour         | |  1.7
Dodging        | |  0.8
Invocations    | |  2.4

Action                   || total
-------------------------++-------
Melee: Short sword       ||    68
Invok: Depart the Abyss  ||     1
Armor: Leather armour    ||     3
       Chain mail        ||    20
Dodge: Dodged            ||    17

Table legend: (Time is in decaauts)
 A = Elapsed time spent in this place.
 B = Non-inter-level travel time spent in this place.
 C = Inter-level travel time spent in this place.
 D = Time resting spent in this place.
 E = Time spent auto-exploring this place.
 F = Levels seen in this place.
 G = Mean time per level.
                   A        B        C        D        E       F      G
               +--------+--------+--------+--------+--------+-----+--------+
         Total |   1649 |   1573 |     76 |      0 |   1387 |   3 |  549.7 |
       Dungeon |   1476 |   1400 |     76 |      0 |   1253 |   2 |  738.0 |
         Abyss |    173 |    173 |      0 |      0 |    134 |   1 |  173.0 |
               +--------+--------+--------+--------+--------+-----+--------+

Top non-repeatable levels by time:
     D:1: 1253 daAuts
     D:2: 222 daAuts
 Abyss:1: 173 daAuts
